 Dungeon Crawl Stone Soup version 0.24.1 (webtiles) character file.

Game seed: 12306749781490031400, levelgen mode: deterministic

129274 Curus the Tortoise (level 16, -3/235 HPs)
             Began as a Minotaur Berserker on Apr 1, 2020.
             Was the Champion of Trog.
             Slain by a shambling mangrove (13 damage)
             ... on level 3 of the Swamp on Apr 2, 2020.
             The game lasted 02:27:52 (23172 turns).

Curus the Tortoise (Minotaur Berserker)            Turns: 23172, Time: 02:27:52

Health: -3/235     AC: 28    Str: 30    XL:     16   Next: 50%
Magic:  20/20      EV:  7    Int:  7    God:    Trog [******]
Gold:   2968       SH: 17    Dex: 17    Spells: 15/15 levels left

rFire    + . .     SeeInvis +   M - +2 morningstar (holy)
rCold    . . .     Gourm    .   v - +3 shield
rNeg     . . .     Faith    .   k - +1 chain mail {rPois}
rPois    +         Spirit   .   (helmet restricted)
rElec    .         Reflect  .   D - +1 cloak
rCorr    .         Harm     .   i - +1 pair of gloves
MR       ++...                  w - +1 pair of boots of the Pits of Slime {Dex+4}
Stlth    ..........             a - amulet of regeneration
HPRegen  0.89/turn              x - ring of see invisible
MPRegen  0.17/turn              p - +5 ring of slaying

@: berserking (expiring), grasped by roots, constricted, very quick
A: retaliatory headbutt, hooves 1, horns 2, icy blue scales 1, molten scales 1,
agile 1, fire resistance 1, magic resistance 1
a: Berserk, Trog's Hand, Brothers in Arms, Renounce Religion


You were on level 3 of the Swamp.
You worshipped Trog.
Trog was exalted by your worship.
You were near starving.

You visited 4 branches of the dungeon, and saw 26 of its levels.
You visited the Abyss 1 time.
You also visited: Ice Cave.

You collected 3691 gold pieces.
You spent 723 gold pieces at shops.

Inventory:

Hand Weapons
 M - a +2 morningstar of holy wrath (weapon)
Armour
 i - a +1 pair of gloves (worn)
 k - a +1 chain mail of poison resistance (worn)
 t - a +2 plate armour of fire resistance
 u - a +1 crystal plate armour
 v - a +3 shield (worn)
 w - the +1 pair of boots of the Pits of Slime (worn) {Dex+4}
   (You found it on level 7 of the Dungeon)

   It affects your dexterity (+4).
 D - a +1 cloak (worn)
Jewellery
 a - an amulet of regeneration (around neck)
 l - an uncursed amulet of the gourmand
 p - a +5 ring of slaying (right hand)
 x - a ring of see invisible (left hand)
 A - an uncursed ring of protection from fire
 I - an uncursed ring of protection from cold
 L - a +3 amulet of reflection
 P - an uncursed ring of flight
 T - a cursed amulet of inaccuracy
 V - a +5 ring of intelligence
 X - the ring of Propriety {MR+ rCorr MP+9}
   (You bought it in a shop on level 2 of the Orcish Mines)

   [ring of resist corrosion]

   It affects your resistance to hostile enchantments.
   It affects your magic capacity (+9).
   It provides partial protection from all sources of acid and corrosion.
 Y - the amulet of the Insatiable Allies {Faith rN+ Dex+4}
   (You found it in an ice cave)

   [amulet of faith]

   It allows you to gain divine favour quickly.
   It affects your dexterity (+4).
   It protects you from negative energy.
Wands
 b - a wand of acid (11)
 h - a wand of polymorph (36)
 o - a wand of random effects (37)
 s - a wand of digging (10)
 B - a wand of scattershot (5)
 E - a wand of iceblast (24)
 G - a wand of paralysis (10)
 S - a wand of flame (19)
Scrolls
 d - 16 scrolls of remove curse
 e - 15 scrolls of identify
 g - a scroll of holy word
 j - 3 scrolls of silence
 q - a scroll of enchant weapon
 y - 8 scrolls of teleportation
 C - 4 scrolls of fear
 J - a scroll of magic mapping
 N - 7 scrolls of blinking
 O - 4 scrolls of fog
Potions
 f - 8 potions of curing
 m - 3 potions of resistance
 n - 2 potions of cancellation
 r - a potion of haste
 z - 5 potions of heal wounds
 F - 2 potions of invisibility
 H - 5 potions of agility
 K - 4 potions of might
 U - 4 potions of berserk rage
 W - a potion of ambrosia
 Z - a potion of brilliance
Comestibles
 c - 35 rations


   Skills:
 - Level 17.7 Fighting
 - Level 16.0 Maces & Flails
 - Level 19.4 Armour
 - Level 2.1 Dodging
 + Level 13.1 Shields
 + Level 7.4 Evocations


You had 15 spell levels left.
You didn't know any spells.
Your spell library was empty.

Dungeon Overview and Level Annotations

Branches:
Dungeon (15/15)            Temple (0/1) D:6            Lair (6/6) D:8
  Swamp (3/4) Lair:2       Spider (0/4) Lair:2        Slime (0/5) Lair:5
    Orc (2/2) D:11            Elf (0/3) Orc:2        Vaults (0/5) D:13
 Depths (0/5) D:15          IceCv (visited)

Altars:
Cheibriados
Kikubaaqudgha
Trog
Beogh

Shops:
D:7 %   D:11 (   D:12 :   Orc:2 =[*:

Portals:
Trove: D:14 (lose all piety)


Innate Abilities, Weirdness & Mutations

You reflexively headbutt those who attack you in melee.
You have a pair of horns on your head.
You have large cloven feet.
You are partially covered in icy blue scales. (AC +2)
You are partially covered in molten scales. (AC +2)
You are agile. (Dex +2)
Your flesh is heat resistant. (rF+)
You are resistant to hostile enchantments. (MR+)


Message History

You feel the power of Trog in you as your rage grows.
You destroy the insubstantial wisp!
Trog accepts your kill.
You bludgeon the insubstantial wisp!!
You destroy the insubstantial wisp!
Trog accepts your kill.
Roots burst forth from the earth!
The grasping roots grab you!
* * * LOW HITPOINT WARNING * * *
The grasping roots constrict you. The hornet barely misses you.
You pound the insubstantial wisp like an anvil!!!
You destroy the insubstantial wisp!
Trog accepts your kill.
The slime creature is engulfed in freezing vapours.
The slime creature hits you but does no damage.
You escape the roots' grasp.
The hornet stings you but does no damage.
Roots burst forth from the earth!
The grasping roots grab you!
You die...

≈≈≈ ♣.≈≈≈♣♣♣ .♣.♣
♣♣♣♣♣♣≈≈§§..♣ ...≈♣♣
♣♣♣♣........≈§.♣
.≈≈≈..♣♣♣♣♣≈..≈≈≈...≈≈≈≈≈♣
.≈≈≈≈≈.≈♣♣≈..≈≈..≈≈..≈≈≈..
≈.§≈.≈..≈♣♣.§≈≈)≈≈≈...≈≈≈≈
♣≈.≈..≈J♣♣♣≈≈≈≈≈......≈≈≈.
≈♣.≈≈≈.f.♣≈.≈≈≈≈..≈≈§.≈≈.♣
≈≈.≈≈≈..y@.≈≈≈≈≈)§≈.♣♣♣..♣
≈≈≈≈≈≈≈≈y..≈≈≈≈≈≈≈≈≈≈≈.≈≈.
§≈≈≈≈≈≈≈.≈.≈≈..≈≈≈≈≈≈..≈≈.
≈≈≈≈≈≈≈≈....≈...≈≈≈≈≈≈.≈≈≈
≈≈≈≈≈≈≈≈.††♣≈...≈≈≈≈≈≈≈≈≈.
≈≈§≈≈.≈..†<♣≈..§≈≈≈≈≈≈..≈.
..≈..=..†≈♣♣..♣♣≈≈≈≈....≈
.....≈..♣♣♣♣♣♣♣≈≈.♣..§≈§
♣♣♣♣♣♣.≈≈ ♣..≈♣.≈≈≈≈


You could see a shambling mangrove, a slime creature and 2 hornets.

Vanquished Creatures
  Jorgrun (Swamp:3)
  A tentacled monstrosity (Swamp:3)
  Roxanne (Swamp:3)
  A fire giant (D:15)
  A ghoul (Swamp:2)
  An ogre mage (D:13)
  2 ice dragons (IceCv)
  Erolcha (D:11)
  3 catoblepae
  10 alligators
  A centaur warrior (D:13)
  9 two-headed ogres
  16 hydras
  2 tengu warriors
  A vampire mage (Abyss:1)
  An orc high priest (Orc:1)
  A deep elf knight (D:12)
  A fire crab (Lair:6)
  2 spriggan druids
  4 unseen horrors
  3 swamp dragons (Swamp:2)
  Pikel (D:6)
  9 orc knights
  11 ugly things
  A wolf spider (Lair:2)
  5 cyclopes
  3 manticores
  A black mamba (Lair:2)
  Joseph (D:10)
  2 ice statues (IceCv)
  A smoke demon (Abyss:1)
  A gargoyle (D:14)
  Psyche (D:11)
  11 spiny frogs
  2 centaur skeletons
  5 rime drakes
  7 komodo dragons
  3 kobold demonologists
  A freezing wraith (D:15)
  2 tengu conjurers
  7 trolls
  3 meliai (D:15)
  5 tyrant leeches
  8 hornets
  20 slime creatures
  A meliai zombie (D:14)
  A polar bear (Lair:6)
  13 hippogriffs
  13 blink frogs
  12 bog bodies
  4 dream sheep
  Sigmund (D:2)
  8 shadows
  16 spriggans
  3 vampires (D:13)
  6 wyverns
  4 basilisks
  37 yaks
  29 vampire mosquitoes
  A steam dragon (D:9)
  Menkaure (D:5)
  2 hungry ghosts
  6 wargs
  A soldier ant (shapeshifter) (D:13)
  10 swamp worms
  9 insubstantial wisps
  2 acid dragons
  15 water moccasins
  3 swamp drakes
  16 ice beasts
  6 porcupines
  Duvessa (D:7)
  5 phantoms
  4 sky beasts
  43 orc warriors
  10 black bears
  A necrophage (D:12)
  13 ogres
  5 boggarts (Lair:6)
  8 centaurs
  22 wolves
  A manticore skeleton (Abyss:1)
  12 crocodiles
  7 big kobolds
  20 bullfrogs
  A wyvern zombie (D:13)
  A water moccasin zombie (D:8)
  5 earth elementals (D:14)
  8 scorpions
  Dowan (D:7)
  12 killer bees
  8 howler monkeys
  8 crimson imps
  9 centaur zombies
  18 hounds
  2 bullfrog zombies (D:7)
  17 orc priests
  4 jellies
  18 orc wizards
  Jessica (D:3)
  3 bullfrog skeletons
  Terence (D:3)
  2 iguanas
  13 worker ants
  A killer bee zombie (D:8)
  2 hound zombies
  A hound skeleton (D:5)
  11 adders
  2 shadow imps
  An ooze (D:1)
  3 adder skeletons
  2 worms
  A dart slug (D:1)
  11 leopard geckos
  111 orcs
  A ball python (D:3)
  7 giant cockroaches
  10 goblins
  5 hobgoblins
  11 jackals
  24 kobolds
  4 quokkas
  16 bats
  13 frilled lizards
  A jackal skeleton (D:4)
  3 quokka skeletons
  A quokka zombie (D:6)
  26 rats
946 creatures vanquished.

Vanquished Creatures (collateral kills)
  A frost giant (D:12)
  A hydra (Lair:5)
  An ogre mage (D:12)
  5 elephants (Lair:5)
  A spiny frog (Swamp:3)
  2 komodo dragons (Lair:5)
  2 blink frogs (Lair:5)
  A hippogriff (Lair:5)
  A spriggan (Swamp:3)
  3 yaks (Lair:6)
  A swamp worm (Swamp:3)
  A bullfrog (Lair:5)
20 creatures vanquished.

Vanquished Creatures (others)
  A bullfrog zombie (D:6)
  2 orc priests (D:6)
  An orc (D:6)
  19 fungi
  3 plants
  6 withered plants (Swamp:2)
32 creatures vanquished.

Grand Total: 998 creatures vanquished

Notes
Turn   | Place    | Note
-------+----------+-------------------------------------------
     0 | D:1      | Curus the Minotaur Berserker began the quest for the Orb.
     0 | D:1      | Reached XP level 1. HP: 19/19 MP: 0/0
   133 | D:1      | Reached XP level 2. HP: 20/26 MP: 1/1
   166 | D:1      | Reached ** piety under Trog
   378 | D:1      | Reached skill level 5 in Maces & Flails
   402 | D:1      | Reached XP level 3. HP: 29/31 MP: 2/2
   898 | D:2      | Noticed Sigmund
   913 | D:2      | Killed Sigmund
   913 | D:2      | Reached XP level 4. HP: 15/39 MP: 3/3
   913 | D:2      | Reached XP level 5. HP: 18/45 MP: 4/4
  1596 | D:2      | Reached *** piety under Trog
  2246 | D:3      | Reached XP level 6. HP: 51/51 MP: 5/5
  2330 | D:3      | Noticed Terence
  2335 | D:3      | Killed Terence
  2865 | D:3      | Noticed Jessica
  2869 | D:3      | Killed Jessica
  2974 | D:4      | HP: 3/76 [ogre/+0 giant club (15)]
  3202 | D:4      | Reached XP level 7. HP: 25/57 MP: 6/6
  3417 | D:4      | Reached **** piety under Trog
  3417 | D:4      | Reached skill level 10 in Maces & Flails
  4488 | D:5      | Entered Level 5 of the Dungeon
  4512 | D:5      | Reached XP level 8. HP: 62/64 MP: 7/7
  4589 | D:5      | Noticed Menkaure
  4596 | D:5      | Killed Menkaure
  4905 | D:5      | Reached ***** piety under Trog
  5119 | D:6      | Noticed Pikel
  5136 | D:6      | Killed Pikel
  5136 | D:6      | Reached XP level 9. HP: 33/70 MP: 8/8
  5727 | D:6      | Found a staircase to the Ecumenical Temple.
  5834 | D:6      | Found an ancient bone altar of Kikubaaqudgha.
  6071 | D:7      | Found Jitunoun's Food Shoppe.
  6125 | D:7      | Got a pair of dazzling boots
  6131 | D:7      | Identified the +1 pair of boots of the Pits of Slime
                  | {Dex+4} (You found it on level 7 of the Dungeon)
  6181 | D:7      | Reached skill level 15 in Maces & Flails
  6214 | D:7      | Noticed Dowan
  6221 | D:7      | Killed Dowan
  6242 | D:7      | Noticed Duvessa
  6250 | D:7      | Killed Duvessa
  6699 | D:8      | Gained mutation: You are resistant to hostile enchantments.
                  | (MR+) [potion of mutation]
  6699 | D:8      | Gained mutation: You evolve. [potion of mutation]
  6699 | D:8      | Gained mutation: Your flesh is heat resistant. (rF+)
                  | [potion of mutation]
  6699 | D:8      | Gained mutation: You are partially covered in molten
                  | scales. (AC +2) [potion of mutation]
  6772 | D:8      | Reached skill level 3 in Armour
  6777 | D:8      | Reached XP level 10. HP: 75/80 MP: 9/9
  6784 | D:8      | Reached skill level 5 in Fighting
  6784 | D:8      | Reached skill level 4 in Armour
  6818 | D:8      | Noticed a three-headed hydra
  6822 | D:8      | Killed a three-headed hydra
  6822 | D:8      | Reached skill level 5 in Armour
  6874 | D:8      | Found a staircase to the Lair.
  6895 | Lair:1   | Entered Level 1 of the Lair of Beasts
  6896 | Lair:1   | Reached skill level 6 in Armour
  6902 | Lair:1   | Reached skill level 1 in Shields
  7205 | Lair:1   | Noticed a five-headed hydra
  7212 | Lair:1   | Killed a five-headed hydra
  7212 | Lair:1   | Reached skill level 7 in Armour
  7246 | Lair:1   | Gained mutation: You are agile. (Dex +2) [evolution]
  7325 | Lair:1   | Noticed a spiny frog
  7330 | Lair:1   | Killed a spiny frog
  7330 | Lair:1   | Reached skill level 8 in Armour
  7330 | Lair:1   | Reached skill level 5 in Shields
  7398 | Lair:1   | Found a snail-covered altar of Cheibriados.
  7452 | Lair:1   | Received a gift from Trog
  7625 | Lair:1   | Reached XP level 11. HP: 91/91 MP: 10/10
  7753 | Lair:2   | Reached skill level 9 in Armour
  8150 | Lair:2   | Reached skill level 10 in Armour
  8206 | Lair:2   | Found a staircase to the Swamp.
  8298 | Lair:2   | Found a hole to the Spider Nest.
  8298 | Lair:2   | Noticed a wolf spider
  8308 | Lair:2   | Killed a wolf spider
  8481 | Lair:2   | Noticed a seven-headed hydra
  8486 | Lair:2   | Killed a seven-headed hydra
  8486 | Lair:2   | Reached skill level 11 in Armour
  8904 | Lair:3   | Reached skill level 10 in Shields
  8938 | Lair:3   | Noticed a four-headed hydra
  8955 | Lair:3   | Killed a four-headed hydra
  8955 | Lair:3   | Reached XP level 12. HP: 75/100 MP: 11/11
  9015 | Lair:3   | Reached skill level 12 in Armour
  9490 | Lair:3   | Gained mutation: You have large cloven feet. [evolution]
  9735 | Lair:4   | You fall into a shaft and drop 2 floors!
  9735 | Lair:6   | Entered Level 6 of the Lair of Beasts
  9798 | Lair:5   | Noticed an eight-headed hydra
  9806 | Lair:5   | Killed an eight-headed hydra
  9821 | Lair:5   | Noticed a seven-headed hydra
  9827 | Lair:5   | Noticed a four-headed hydra
  9829 | Lair:5   | Noticed a four-headed hydra
  9838 | Lair:5   | Killed a seven-headed hydra
  9838 | Lair:5   | Reached skill level 13 in Armour
  9844 | Lair:5   | Killed a four-headed hydra
  9873 | Lair:5   | Reached skill level 10 in Fighting
  9888 | Lair:5   | Killed a five-headed hydra
 10131 | Lair:4   | Noticed a five-headed hydra
 10137 | Lair:4   | Killed a five-headed hydra
 10177 | Lair:4   | Reached skill level 14 in Armour
 10290 | Lair:4   | Noticed a four-headed hydra
 10297 | Lair:4   | Killed a four-headed hydra
 10460 | Lair:4   | Reached XP level 13. HP: 113/116 MP: 12/12
 11124 | Lair:5   | Found a staircase to the Slime Pits.
 11646 | Lair:6   | Received a gift from Trog
 11717 | Lair:6   | Reached skill level 15 in Armour
 12331 | Lair:6   | Gained mutation: You are partially covered in icy blue
                  | scales. (AC +2) [evolution]
 12331 | Lair:6   | Lost mutation: You evolve. [end of evolution]
 13015 | D:9      | Identified a scroll of acquirement
 13512 | D:10     | Entered Level 10 of the Dungeon
 13523 | D:10     | Noticed Joseph
 13533 | D:10     | Cast into level 1 of the Abyss (Joseph)
 13560 | Abyss:1  | Reached ****** piety under Trog
 13607 | D:10     | Escaped the Abyss
 13614 | D:10     | Killed Joseph
 13670 | D:10     | Received a gift from Trog
 13695 | D:10     | Reached skill level 16 in Armour
 14392 | D:11     | Found a staircase to the Orcish Mines.
 14494 | D:11     | Reached XP level 14. HP: 126/132 MP: 13/13
 14568 | D:11     | Found Suopnoot's Weapon Emporium.
 14658 | D:11     | Noticed Erolcha
 14670 | D:11     | Killed Erolcha
 14771 | D:11     | Found a roughly hewn altar of Beogh.
 15028 | D:11     | Noticed Psyche
 15095 | D:11     | Killed Psyche
 15167 | Orc:1    | Entered Level 1 of the Orcish Mines
 15179 | Orc:1    | Reached skill level 1 in Evocations
 15700 | Orc:1    | Received a gift from Trog
 15860 | Orc:2    | Entered Level 2 of the Orcish Mines
 16052 | Orc:2    | Found Diebbe's General Store.
 16056 | Orc:2    | Found Orrady's Book Shop.
 16071 | Orc:2    | Reached skill level 17 in Armour
 16116 | Orc:2    | Bought a potion of curing for 45 gold pieces
 16116 | Orc:2    | Bought a scroll of blinking for 112 gold pieces
 16155 | Orc:2    | Found a staircase to the Elven Halls.
 16239 | Orc:2    | Found a roughly hewn altar of Beogh.
 16295 | Orc:2    | Found Rifam's Jewellery Emporium.
 16303 | Orc:2    | Found Keuthru's Armour Shop.
 16312 | Orc:2    | Reached skill level 15 in Fighting
 16562 | Orc:2    | Bought the ring of Propriety {MR+ rCorr MP+9} for 566 gold
                  | pieces
 16972 | D:12     | Noticed a frost giant
 17012 | D:12     | Killed a frost giant
 17063 | D:12     | Found a bloodstained altar of Trog.
 17190 | D:12     | Received a gift from Trog
 17315 | D:12     | Found Xymoop's Book Emporium.
 17832 | D:13     | Reached skill level 18 in Armour
 17977 | D:13     | Reached XP level 15. HP: 135/144 MP: 15/15
 17995 | D:13     | Found a gate to the Vaults.
 18267 | D:13     | Received a gift from Trog
 18632 | D:14     | Received a gift from Trog
 18741 | D:14     | Found a portal to a secret trove of treasure.
 18860 | D:14     | Found a frozen archway.
 18904 | IceCv    | Entered an ice cave
 19206 | IceCv    | Got a vibrating sapphire amulet
 19621 | D:14     | Reached skill level 19 in Armour
 19696 | D:14     | Identified the amulet of the Insatiable Allies {Faith rN+
                  | Dex+4} (You found it in an ice cave)
 19698 | D:15     | Entered Level 15 of the Dungeon
 20062 | D:15     | Received a gift from Trog
 20399 | D:15     | Found a staircase to the Depths.
 20399 | D:15     | Noticed a fire giant
 20410 | D:15     | Killed a fire giant
 20703 | Swamp:1  | Entered Level 1 of the Swamp
 21131 | Swamp:1  | Found an ancient bone altar of Kikubaaqudgha.
 21823 | Swamp:2  | Reached XP level 16. HP: 145/157 MP: 18/18
 21922 | Swamp:2  | Reached skill level 5 in Evocations
 22094 | Swamp:2  | Received a gift from Trog
 22474 | Swamp:3  | Noticed Roxanne
 22500 | Swamp:3  | Killed Roxanne
 22751 | Swamp:3  | Noticed a tentacled monstrosity
 22758 | Swamp:3  | Killed a tentacled monstrosity
 22826 | Swamp:3  | HP: 2/157 [spiny frog[a spriggan druid] (6)]
 23011 | Swamp:3  | Noticed Jorgrun
 23052 | Swamp:3  | Killed Jorgrun
 23170 | Swamp:3  | HP: 9/235 [shambling mangrove (5)]
 23172 | Swamp:3  | Slain by a shambling mangrove

Levels and vault maps discovered:
D:1:      lightli_arrival_lavapool, layout_basic
D:2:      layout_basic, grunt_ministairs_3, minmay_rat_hole, uniq_sigmund
D:3:      layout_loops_corners, minmay_misc_feat_nine_boxes,
          small_statue_intersection, uniq_jessica, uniq_terence
D:4:      layout_layer_cave, serial_glass, glass_columns_b, glass_columns_b,
          first_ration
D:5:      layout_basic, chequers_serial_rivers_small_3, moated_statue,
          minmay_lizard_king, uniq_menkaure
D:6:      minmay_polygon_palace, layout_basic, kennysheep_little_box,
          minmay_temple_entry_wispy, uniq_pikel
D:7:      layout_rooms, serial_shops, nicolae_shop_competitors_out_of_business,
          uniq_duvessa
D:8:      layout_basic, grunt_lair_entry_orc_guard_hut, hangedman_ranch
          [blue_anna_fruit_fields]
D:9:      layout_basic
D:10:     layout_gridville, minmay_alternating_orb, uniq_joseph
D:11:     layout_roguey [special_room_orc], orc_0_dummy, serial_shops, shop,
          gauntlet_entry_generic, uniq_psyche, uniq_erolcha
D:12:     minmay_connected_boxes_in_corner, layout_stronghold, basic_altar,
          serial_shops, nicolae_shop_waterfront
D:13:     layout_rooms, david_vaults_2, serial_corexii_hall,
          corexii_hall_statues_l, corexii_hall_statues_u, minivault_19,
          hangedman_batty
D:14:     layout_basic, nicolae_trove_entry_diagonal,
          portal_ice_cave_entry_pillars_1, hangedman_cracks_in_the_wall
D:15:     grunt_enter_depths_giant_problem, layout_stronghold,
          minmay_misc_feat_doors
Lair:1:   layout_small_grid, basic_altar, st_stairs_5
Lair:2:   layout_cave_pods, swamp_mist, spider_nest_entry_rubble
Lair:3:   layout_regular_city, beast_lair_carwin_10
Lair:4:   layout_cave_pods, beast_lair_carwin_8
Lair:5:   layout_long_grid, dpeg_slime_entry_corner
Lair:6:   minmay_lair_end_enchanted_forest, layout_regular_city,
          grunt_megastairs_4
Swamp:1:  layout_basic_swamp, basic_altar, swamp_pool5
Swamp:2:  layout_basic_swamp, evilmike_swamp_ruin_house_3, swamp_pool2,
          st_shrine_of_shade
Swamp:3:  layout_basic_swamp, nicolae_swamp_fairy_circle, uniq_roxanne,
          uniq_jorgrun
Orc:1:    layout_caves
Orc:2:    st_orc_town, layout_caves

Skill      XL: |  1  2  3  4  5  6  7  8  9 10 11 12 13 14 15 16 |
---------------+-------------------------------------------------+-----
Maces & Flails | 4 5 7 8 9 11 14 16 | 16.0
Fighting       | 4 6 7 11 14 16 17 | 17.7
Armour         | 3 8 11 14 16 18 19 | 19.4
Shields        | 5 10 11 13 | 13.1
Evocations     | 2 4 7 |  7.4
Dodging        | |  2.1

Action                   |  1- 3 |  4- 6 |  7- 9 | 10-12 | 13-15 | 16-18 || total
-------------------------+-------+-------+-------+-------+-------+-------++-------
Melee: Mace              |    70 |    78 |       |       |       |       ||   148
       Headbutt          |     9 |    22 |    49 |   116 |   446 |    85 ||   727
       Unarmed           |       |     9 |       |       |       |       ||     9
       Flail             |       |    63 |       |       |       |       ||    63
       Morningstar       |       |     5 |   300 |   410 |  1649 |   264 ||  2628
Invok: Berserk           |     1 |     1 |     1 |     1 |     5 |     2 ||    11
       Brothers in Arms  |       |       |       |     2 |     1 |     1 ||     4
       Trog's Hand       |       |       |       |     1 |       |     1 ||     2
Evoke: Wand              |       |       |       |     1 |     8 |       ||     9
  Use: Scroll            |     4 |     2 |     6 |     9 |    12 |     1 ||    34
       Potion            |       |     2 |     4 |     2 |     6 |     3 ||    17
 Stab: Sleeping          |     1 |       |       |       |       |       ||     1
       Petrified         |       |       |       |       |     8 |       ||     8
       Confused          |       |       |       |       |       |     1 ||     1
  Eat: Chunk             |       |     6 |     6 |    21 |    38 |     2 ||    73
       Ration            |       |     1 |     2 |       |       |     1 ||     4
Armor: Animal skin       |     9 |     8 |       |       |       |       ||    17
       Scale mail        |       |    13 |       |       |       |       ||    13
       Chain mail        |       |    31 |    82 |       |    73 |   102 ||   288
       Plate armour      |       |       |   101 |    11 |       |       ||   112
       Crystal plate arm |       |       |       |   261 |   732 |       ||   993
Dodge: Dodged            |    38 |    46 |    94 |    55 |   235 |    76 ||   544
Block: Shield            |       |       |    29 |   266 |  1094 |   164 ||  1553
